 Dungeon Crawl Stone Soup version bcrawl-1.17.3 (webtiles) character file.

Game seed: 4093175764330053057

305 Chiseanne the Chopper (level 6, 0/47 HPs)
             Began as a Mummy Archaeologist on Oct 25, 2019.
             Slain by Ijyb
             ... wielding a +2 dagger of electrocution
              (14 damage)
             ... on level 4 of the Dungeon.
             The game lasted 00:05:01 (3451 turns).

Chiseanne the Chopper (Mummy Archaeologist)         Turns: 3451, Time: 00:05:02

Health: 0/47       AC:  6    Str: 17    XL:     6   Next: 15%
Magic:  15/15      EV: 12    Int: 16    God:
Gold:   236        SH:  0    Dex: 10    Spells: 5/5 levels left

rFire    x . .     SeeInvis .   a - +8 mithril axe "Arga" {speed, MR+}
rCold    + . .     Gourm    .   (no shield)
rNeg     + + +     Faith    .   b - +1 robe
rPois    ∞         Spirit   .   c - +1 hat
rElec    .         Reflect  .   (no cloak)
rCorr    .         Harm     .   (no gloves)
MR       +....     Clarity  +   d - +1 pair of boots
Stlth    ++........             (no amulet)
HPRegen  0.15/turn              g - ring of magical power
MPRegen  0.14/turn              n - +3 ring of strength

@: no status effects
A: no food or potions, fire vulnerability, clarity, cold resistance 1, negative
energy resistance 3, torment resistance, unbreathing
a: no special abilities


You were on level 4 of the Dungeon.
You were not hungry.

You visited 1 branch of the dungeon, and saw 4 of its levels.

You collected 236 gold pieces.

Inventory:

Hand Weapons
 a - the +8 mithril axe "Arga" (weapon) {speed, MR+} Attacks with this weapon are significantly faster. It affects your resistance to hostile enchantments.
 s - a +2 hand axe of electrocution
Missiles
 h - 119 bolts
 j - 718 stones (quivered)
 k - 171 sling bullets
Armour
 b - a +1 robe (worn)
 c - a +1 hat (worn)
 d - a +1 pair of boots (worn)
Jewellery
 g - a ring of magical power (left hand)
 n - a +3 ring of strength (right hand)


   Skills:
 - Level 3.0 Fighting
 + Level 6.1 Axes
   Level 0.7(3.8) Maces & Flails
 - Level 2.4 Dodging
 - Level 2.6 Stealth


You had 5 spell levels left.
You didn't know any spells.
Your spell library was empty.

Dungeon Overview and Level Annotations

Branches:
Dungeon (4/12)
 Temple: D:4-7

Altars:
Nemelex Xobeh
Qazlal
Uskayaw
Xom
Yredelemnul

Annotations:
D:4 Ijyb


Innate Abilities, Weirdness & Mutations

You do not eat or drink.
Your flesh is vulnerable to fire.
You are immune to poison.
You possess an exceptional clarity of mind.
Your flesh is cold resistant. (rC+)
You are immune to negative energy. (rN+++)
You are immune to unholy pain and torment.
You can survive without breathing.


Message History

You hit Ijyb.
Ijyb is lightly wounded.
Ijyb barely misses you.
You closely miss Ijyb.
Ijyb is lightly wounded.
Ijyb hits you with a +2 dagger of electrocution.
You hit Ijyb but do no damage.
Ijyb is lightly wounded.
You closely miss Ijyb.
Ijyb is lightly wounded.
Ijyb hits you but does no damage.
You are electrocuted!
You closely miss Ijyb.
Ijyb is lightly wounded.
Ijyb hits you but does no damage.
You are electrocuted!
You hit Ijyb but do no damage.
Ijyb is lightly wounded.
Ijyb hits you with a +2 dagger of electrocution.
* * * LOW HITPOINT WARNING * * *
You are electrocuted!
You die...

###########
#.........#
##......#@#
#......#g#
##......#.#
##.........#
######........###
.#.......>.....#
....(.........##
.#>...........#
##......####....


You could see Ijyb.

Vanquished Creatures
  An ogre (D:3)
  A quasit (D:3)
  An orc wizard (D:2)
  6 adders
  An ooze (D:2)
  A worm (D:4)
  2 dart slugs
  8 leopard geckos
  7 orcs
  A giant cockroach (D:1)
  8 goblins
  9 hobgoblins
  2 jackals (D:3)
  10 kobolds
  3 quokkas
  10 bats
  6 frilled lizards
  A jackal skeleton (D:2)
  5 rats
83 creatures vanquished.

Notes
Turn   | Place    | Note
-------+----------+-------------------------------------------
     0 | D:1      | Chiseanne the Mummy Archaeologist began the quest for the
                  | Orb.
     0 | D:1      | Reached XP level 1. HP: 15/15 MP: 1/1
   179 | D:1      | Reached XP level 2. HP: 7/22 MP: 2/2
   612 | D:1      | Reached XP level 3. HP: 28/29 MP: 3/3
   902 | D:2      | Reached skill level 1 in Axes
   925 | D:2      | Found a basalt altar of Yredelemnul.
   928 | D:2      | Found a hide-covered altar of Uskayaw.
   931 | D:2      | Found a shimmering altar of Xom.
   947 | D:2      | Found a stormy altar of Qazlal.
  1011 | D:2      | Found a sparkling altar of Nemelex Xobeh.
  1148 | D:2      | Reached skill level 3 in Axes
  1148 | D:2      | Reached XP level 4. HP: 30/35 MP: 4/4
  1379 | D:2      | Found a faded altar of an unknown god.
  1996 | D:3      | Reached skill level 4 in Axes
  2200 | D:3      | Reached XP level 5. HP: 41/41 MP: 5/5
  2789 | D:3      | Reached skill level 5 in Axes
  3153 | D:4      | Noticed an ogre
  3250 | D:3      | Killed an ogre
  3250 | D:3      | Reached skill level 6 in Axes
  3250 | D:3      | Reached XP level 6. HP: 22/47 MP: 6/6
  3444 | D:4      | Noticed Ijyb
  3451 | D:4      | Slain by Ijyb

Skill      XL: |  1  2  3  4  5 |
---------------+----------------+-----
Fighting       | 2 3 |  3.0
Axes           | 3 4 6 |  6.1
Maces & Flails | |  0.7
Dodging        | |  2.4
Stealth        | |  2.6

Action                   |  1- 3 |  4- 6 || total
-------------------------+-------+-------++-------
Melee: Hand axe          |    84 |   126 ||   210
       Whip              |     8 |       ||     8
       Broad axe         |       |     8 ||     8
  Use: Scroll            |     2 |     5 ||     7
 Stab: Sleeping          |     4 |    12 ||    16
Armor: Robe              |    35 |    53 ||    88
Dodge: Dodged            |    76 |    81 ||   157
